Map: Cyber Forest LE

Players

TLO

  • Race: Zerg Zerg
  • Spawn Location: 11:00

Elazer - Winner!

  • Race: Zerg Zerg
  • Spawn Location: 5:00

Event: 2019 WCS Spring

VOD

Have the link to the VOD?

Description

Time

  • Played on: May 17, 2019, 3:18 p.m.
  • Length: 12:23

All games in this series

Show
View Real Time Build Order
Export as new Build Order

TLO Zerg 

Build Orders: Hatch First 

Get SALT Encoding   

  12  0:00  Drone  
  13  0:13  Overlord  
  13  0:17  Drone  
  14  0:31  Drone x2  
  16  0:48  Hatchery  
  15  0:51  Drone  
  15  0:55  Drone  
  17  1:11  Spawning Pool  
  16  1:13  Drone  
  16  1:17  Drone  
  18  1:20  Drone  
  18  1:23  Extractor  
  18  1:29  Drone  
  19  1:45  Overlord  
  19  1:58  Queen  
  19  2:00  Queen, Zergling x2  
  24  2:02  Drone x2  
  26  2:12  Drone x2  
  28  2:23  Drone x2  
  30  2:32  Overlord  
  30  2:33  Drone  
  30  2:36  Queen  
  33  2:45  Overlord  
  33  2:46  Lair  
  33  2:50  Drone  
  34  2:55  Evolution Chamber, Drone  
  34  2:58  Drone  
  34  3:05  Drone  
  36  3:08  Drone  
  36  3:09  Roach Warren  
  36  3:12  Drone  
  37  3:14  Drone  
  37  3:17  Drone  
  37  3:18  Extractor  
  38  3:20  Drone  
  38  3:25  Zerg Missile Weapons Level 1  
  38  3:26  Drone  
  40  3:30  Drone  
  40  3:31  Drone  
  42  3:35  Drone  
  42  3:36  Drone  
  42  3:38  Drone  
  42  3:39  Drone  
  46  3:41  Drone  
  46  3:44  Drone  
  46  3:45  Drone  
  46  3:46  Drone  
  50  3:50  Glial Reconstitution  
  50  3:53  Roach  
  50  3:55  Extractor  
  51  3:59  Overlord  
  51  4:01  Overlord  
  52  4:11  Hatchery  
  52  4:16  Extractor, Drone x2  
  52  4:18  Drone x2  
  52  4:19  Drone  
  55  4:26  Roach  
  55  4:27  Roach  
  55  4:28  Drone  
  55  4:30  Overseer  
  60  4:34  Extractor  
  60  4:36  Roach x3  
  60  4:37  Drone  
  60  4:38  Drone  
  66  4:40  Drone  
  66  4:42  Drone  
  68  4:48  Overlord  
  68  4:51  Spire  
  67  4:53  Drone  
  67  4:56  Overlord  
  67  4:58  Overlord  
  68  5:02  Overlord  
  68  5:05  Overlord  
  68  5:10  Roach x2  
  68  5:12  Roach  
  74  5:15  Drone  
  74  5:18  Roach  
  77  5:23  Roach  
  77  5:24  Roach  
  77  5:25  Roach  
  77  5:27  Roach  
  85  5:31  Zerg Missile Weapons Level 2  
  85  5:34  Roach  
  85  5:35  Roach  
  89  5:38  Roach  
  89  5:39  Roach  
  89  5:42  Roach  
  95  5:43  Roach  
  95  5:45  Roach  
  95  5:48  Roach  
  99  5:50  Roach  
  99  5:52  Roach  
  99  5:56  Roach  
  101  5:59  Roach  
  101  6:03  Drone  
  101  6:04  Drone  
  92  6:06  Drone  
  92  6:08  Drone  
  92  6:10  Drone  
  88  6:12  Drone  
  88  6:14  Drone  
  88  6:15  Drone  
  89  6:19  Drone  
  89  6:20  Drone  
  89  6:22  Drone  
  89  6:25  Drone  
  93  6:26  Drone  
  93  6:28  Drone  
  93  6:29  Drone  
  96  6:34  Queen  
  96  6:36  Drone  
  97  6:40  Drone  
  97  6:42  Drone  
  97  6:44  Drone  
  97  6:45  Roach  
  97  6:46  Queen  
  90  6:48  Roach  
  90  6:50  Roach  
  90  6:51  Drone  
  90  6:54  Roach  
  95  6:56  Roach  
  95  6:57  Roach  
  97  7:02  Extractor  
  97  7:03  Mutalisk  
  97  7:06  Mutalisk x2  
  102  7:09  Ravager, Drone x3  
  102  7:13  Roach  
  108  7:16  Ravager  
  108  7:17  Overlord  
  108  7:20  Overlord  
  109  7:24  Overlord  
  109  7:30  Overlord  
  109  7:31  Roach  
  109  7:35  Overlord  
  109  7:36  Hatchery  
  110  7:39  Ravager x4  
  110  7:42  Roach  
  116  7:46  Extractor  
  116  7:47  Roach  
  116  7:49  Roach  
  119  7:52  Roach  
  119  7:53  Roach x2  
  119  7:54  Roach  
  127  8:04  Zerg Ground Armor Level 1  
  127  8:10  Roach  
  127  8:11  Roach x2  
  127  8:12  Roach  
  135  8:14  Overlord  
  135  8:15  Overlord, Roach  
  135  8:17  Overseer  
  135  8:19  Overlord  
  137  8:21  Overlord  
  137  8:22  Overlord  
  137  8:26  Overlord  
  137  8:33  Roach  
  137  8:34  Roach x3  
  143  8:35  Roach  
  143  8:37  Roach  
  143  8:41  Ravager x3  
  147  8:44  Roach  
  149  8:48  Ravager  
  149  8:49  Roach x2  
  149  8:53  Roach  
  149  8:54  Roach  
  158  8:57  Roach x3  
  158  8:58  Roach  
  158  8:59  Roach  
  168  9:08  Roach x2  
  168  9:11  Ravager  
  168  9:12  Ravager  
  168  9:15  Queen  
  168  9:16  Roach x2  
  168  9:17  Roach  
  176  9:18  Drone x2  
  176  9:20  Roach  
  180  9:24  Roach  
  180  9:25  Roach  
  180  9:27  Roach x2  
  180  9:29  Overlord  
  188  9:34  Roach x2  
  186  9:38  Roach  
  186  9:39  Roach  
  186  9:40  Roach  
  186  9:42  Roach  
  186  9:43  Roach  
  186  9:45  Overlord  
  182  9:49  Roach  
  182  9:50  Roach  
  182  9:57  Ravager x4  
  182  9:59  Roach x2  
  182  10:03  Roach  
  184  10:07  Roach x3  
  184  10:09  Roach x2  
  184  10:11  Roach x2  
  184  10:13  Roach  
  198  10:16  Roach  
  198  10:18  Roach  
  198  10:20  Roach  
  194  10:24  Roach  
  194  10:28  Roach x4  
  183  10:30  Roach  
  183  10:32  Roach  
  183  10:34  Roach  
  172  10:39  Drone x4  
  172  10:41  Roach  
  178  10:44  Overlord  
  178  10:45  Roach  
  180  10:50  Ravager x3  
  180  10:54  Overlord  
  183  10:57  Overlord  
  183  11:00  Overlord  
  183  11:02  Overlord x2  
  181  11:10  Roach  
  175  11:16  Roach  
  175  11:17  Roach x6  
  175  11:24  Roach  
  165  11:26  Roach  
  165  11:27  Roach x2  
  165  11:28  Roach  
  165  11:30  Roach x2  
  165  11:32  Roach  
  148  11:33  Roach  
  148  11:35  Roach  
  148  11:37  Roach  
  148  11:38  Ravager  
  148  11:39  Ravager  
  153  11:40  Roach  
  153  11:42  Ravager x3  
  153  11:45  Roach  
  153  11:47  Roach  
  160  11:48  Ravager  
  160  11:49  Roach  
  160  11:53  Overseer  
  161  11:56  Roach  
  161  11:57  Roach  
  161  12:00  Roach  
  163  12:03  Roach x2  
Show
View Real Time Build Order
Export as new Build Order

Elazer Zerg - Winner!

Build Orders: Hatch First, Lurkers, Roach Hydra 

Get SALT Encoding   

  12  0:00  Drone  
  13  0:12  Overlord  
  13  0:16  Drone  
  14  0:30  Drone x2  
  16  0:47  Hatchery  
  15  0:51  Drone  
  15  0:54  Drone  
  17  0:58  Drone  
  18  1:08  Extractor  
  17  1:12  Spawning Pool  
  17  1:16  Drone  
  17  1:19  Drone  
  18  1:28  Drone  
  19  1:38  Drone  
  20  1:49  Drone  
  21  1:59  Overlord  
  21  2:00  Queen x2, Drone  
  26  2:10  Drone  
  26  2:11  Zergling x2  
  28  2:21  Drone x2  
  30  2:32  Drone x2  
  32  2:45  Hatchery  
  32  2:46  Drone x2  
  33  2:53  Drone  
  33  2:54  Evolution Chamber  
  33  2:57  Overlord  
  33  3:01  Lair  
  33  3:04  Drone x2  
  35  3:07  Drone  
  35  3:12  Roach Warren  
  35  3:14  Drone  
  35  3:16  Drone x2  
  35  3:19  Drone  
  39  3:23  Zerg Missile Weapons Level 1  
  39  3:25  Drone  
  40  3:27  Drone  
  40  3:29  Drone  
  40  3:32  Drone  
  43  3:34  Overlord  
  43  3:40  Extractor  
  43  3:41  Extractor, Drone x2  
  41  3:43  Drone  
  41  3:46  Overlord  
  44  3:55  Drone x2  
  46  3:58  Glial Reconstitution  
  46  3:59  Roach x2  
  50  4:06  Roach  
  52  4:13  Drone x6  
  52  4:15  Drone  
  52  4:16  Queen  
  61  4:20  Drone  
  61  4:22  Overlord  
  62  4:24  Roach  
  62  4:28  Roach  
  62  4:31  Overlord  
  66  4:32  Overseer  
  66  4:38  Overlord  
  66  4:46  Roach x4  
  66  4:49  Overlord  
  66  4:51  Roach x2  
  66  4:52  Roach  
  80  4:54  Roach  
  80  4:57  Overlord  
  80  4:59  Roach  
  84  5:02  Roach  
  84  5:04  Extractor, Drone  
  84  5:05  Overlord  
  86  5:07  Drone  
  86  5:09  Drone  
  86  5:13  Overlord  
  88  5:19  Roach x4  
  96  5:25  Drone x5  
  100  5:29  Zerg Missile Weapons Level 2  
  100  5:32  Drone x2  
  100  5:35  Drone x2  
  104  5:41  Overlord  
  104  5:49  Roach x4  
  102  5:57  Roach x5  
  102  6:00  Queen  
  102  6:04  Extractor, Hydralisk Den  
  96  6:12  Drone x3  
  96  6:15  Roach x5  
  96  6:17  Overlord  
  109  6:22  Roach  
  111  6:26  Overlord  
  111  6:28  Roach x2  
  115  6:35  Extractor  
  115  6:37  Drone x3  
  115  6:38  Roach x6  
  127  6:45  Roach  
  108  6:52  Hydralisk x2  
  108  6:53  Muscular Augments  
  110  6:59  Hydralisk x3  
  116  7:06  Hydralisk x2  
  120  7:15  Overlord  
  120  7:23  Roach x3  
  120  7:25  Overlord  
  120  7:27  Roach x6  
  138  7:36  Hydralisk x4  
  146  7:38  Spore Crawler  
  146  7:39  Spore Crawler  
  146  7:43  Drone x3  
  147  7:48  Drone  
  147  7:50  Zerg Ground Armor Level 1  
  148  7:52  Drone  
  148  7:56  Overlord  
  153  7:58  Roach x2  
  153  8:04  Grooved Spines, Overlord  
  153  8:05  Overlord  
  153  8:13  Overlord x2  
  153  8:20  Ravager  
  153  8:23  Ravager  
  153  8:24  Ravager x3  
  153  8:26  Roach x6  
  170  8:31  Overlord  
  170  8:34  Overlord  
  168  8:39  Roach x4  
  176  8:50  Roach x4, Overseer  
  176  8:53  Ravager x2  
  176  8:54  Hatchery  
  185  9:04  Overlord  
  185  9:09  Overlord  
  180  9:14  Roach x3  
  180  9:16  Overlord x2  
  186  9:21  Overlord  
  186  9:26  Lurker Den  
  186  9:27  Overlord  
  186  9:28  Roach  
  186  9:29  Roach x3  
  181  9:55  Zerg Ground Armor Level 2  
  181  9:56  Hydralisk x9  
  199  10:08  Overlord  
  195  10:24  Roach x9  
  186  10:30  Roach x6  
  164  10:39  Roach x5  
  172  10:43  Roach x3  
  172  10:46  Roach x2  
  182  10:52  Roach x3  
  188  10:58  Lurker x4  
  188  10:59  Lurker  
  191  11:09  Roach  
  191  11:10  Roach x5  
  191  11:16  Roach x4  
  184  11:33  Hatchery  
  184  11:34  Hydralisk x3  
  187  11:44  Hydralisk x4  
Tags
 
Add a new tag
Caveats
  • Supply blocks, unpowered buildings, or Contaminate may cause inaccurate times.
  • Supply counts are checked every 10 seconds.